 Dungeon Crawl Stone Soup version 0.25-a0-992-gca090100c3 (webtiles) character file.

Game seed: 3602790711557420780, levelgen mode: deterministic

50 Flugslaktarn the Covered (level 3, -3/33 HPs)
             Began as a Minotaur Fighter on May 11, 2020.
             Was an Initiate of Gozag.
             Killed by divine providence
             ... invoked by an orc priest
              (15 damage)
             ... on level 2 of the Dungeon.
             The game lasted 00:00:56 (1817 turns).

Flugslaktarn the Covered (Minotaur Fighter)         Turns: 1817, Time: 00:00:57

Health: -3/33      AC:  7    Str: 20    XL:     3   Next: 55%
Magic:  2/2        EV:  7    Int:  5    God:    Gozag
Gold:   61         SH: 13    Dex: 10    Spells: 2/2 levels left

rFire    . . .     SeeInvis .   a - +0 war axe
rCold    . . .     Gourm    .   c - +0 kite shield
rNeg     . . .     Faith    .   b - +0 scale mail
rPois    .         Spirit   .   (helmet restricted)
rElec    .         Reflect  +   (no cloak)
rCorr    .         Harm     .   (no gloves)
MR       .....                  (no boots)
Stlth    ..........             n - +4 amulet of reflection
HPRegen  0.11/turn              (no ring)
MPRegen  0.08/turn              (no ring)

@: mighty, gold aura
A: retaliatory headbutt, horns 2
a: Potion Petition, Call Merchant, Bribe Branch, Renounce Religion


You were on level 2 of the Dungeon.
You worshipped Gozag.
Gozag was noncommittal.
You were not hungry.

You visited 1 branch of the dungeon, and saw 3 of its levels.

You collected 84 gold pieces.
You paid 23 gold pieces to Gozag.

Inventory:

Hand Weapons
 a - a +0 war axe (weapon)
Armour
 b - a +0 scale mail (worn)
 c - a +0 kite shield (worn)
Jewellery
 n - a +4 amulet of reflection (around neck)
   (You found it on level 2 of the Dungeon)
Scrolls
 f - a scroll of identify {unknown}
 i - 2 scrolls of fog {unknown}
 k - a scroll of noise {unknown}
 l - 2 scrolls of teleportation {unknown}
 m - 2 scrolls of remove curse {unknown}
 r - a scroll of amnesia {unknown}
Potions
 d - a potion of might
 g - a potion of curing {unknown}
 h - a potion of heal wounds {unknown}
 j - a potion of brilliance {unknown}
 o - a potion of haste {unknown}
 p - a potion of resistance {unknown}
Comestibles
 e - 3 rations


   Skills:
 + Level 4.0 Fighting
 * Level 3.6 Axes
 + Level 4.1 Armour
 + Level 4.1 Shields


You had 2 spell levels left.
You didn't know any spells.
Your spell library was empty.

Dungeon Overview and Level Annotations

Branches:
Dungeon (3/15)

Altars:
Gozag
Wu Jian


Innate Abilities, Weirdness & Mutations

You reflexively headbutt those who attack you in melee.
You have a pair of horns on your head.


Message History

You barely miss the orc. You slash the bat!
You kill the bat!
The orc becomes distracted by the nearby gold, dreaming of imaginary riches.
You block the orc's attack.
The orc priest mumbles some strange prayers to Beogh against you.
Pain shoots through your body!
An orc comes into view. It is wielding a +0 hand axe.
The orc is no longer distracted by gold.
You block the orc's attack.
The orc priest begins to cast a cantrip, but forgets the words!
You climb upwards.
There is a stone staircase leading down here.
Unknown command.
Unknown command.
You feel very mighty all of a sudden. The orc hits you but does no damage.
The orc priest invokes the aid of Beogh against you.
Beogh smites you!
You die...
Your body crumbles into a pile of gold.

#.#.#.(......#########.#
#.#.#........## #.#
#.#.#.........# ######.#
#.#.##...###..# #......#
#.#.##...# ##.###.######
#.#.##...# #).##.#
#.#.##...# ##.##.#
#.#.##...# #o##(#
#.#.##...# #.@o.#
#.#.##...# ######
#.#.#########
#.#.........#
##.#########.# ...#
#....<#.# ##.# #.#####.#
#.# #.# #.# ### #.# #.#


You could see an orc priest and an orc.

Vanquished Creatures
  2 adders
  2 dart slugs (D:1)
  A leopard gecko (D:1)
  2 ball pythons (D:2)
  6 bats
  2 hobgoblins
  2 jackals (D:2)
  A quokka (D:3)
  A frilled lizard (D:2)
  2 goblins
  5 kobolds
  2 rats (D:2)
28 creatures vanquished.

Notes
Turn   | Place    | Note
-------+----------+-------------------------------------------
     0 | D:1      | Flugslaktarn the Minotaur Fighter began the quest for the
                  | Orb.
     0 | D:1      | Reached XP level 1. HP: 19/19 MP: 0/0
    52 | D:2      | Found an opulent altar of Gozag.
    78 | D:2      | Reached XP level 2. HP: 26/27 MP: 1/1
   432 | D:2      | Found an ornate altar of the Wu Jian Council.
   959 | D:2      | Reached XP level 3. HP: 33/33 MP: 2/2
  1464 | D:2      | Became a worshipper of Gozag Ym Sagoz the Greedy
  1817 | D:2      | Killed from afar by an orc priest

Illustrated notes

Levels and vault maps discovered:
D:1:      saegor_arrival_under_anarchy, layout_basic
D:2:      layout_basic, lemuel_round_altar, lemuel_crystal_altar, first_ration
D:3:      layout_loops_cross, nicolae_overflow_crystal_walls,
          old_standard_altar, grunt_decor_resistance

Skill      XL: |  1  2  3 |
---------------+----------+-----
Axes           | 3 |  3.6
Armour         | 4 |  4.1
Shields        | 4 |  4.1
Fighting       | 4 |  4.0

Action                   || total
-------------------------++-------
Melee: War axe           ||    69
       Headbutt          ||     6
  Use: Potion            ||     1
  Eat: Chunk             ||     2
       Ration            ||     1
Armor: Scale mail        ||    25
Dodge: Dodged            ||    19
Block: Kite shield       ||    59
       Reflection        ||     3

Table legend:
 A = Non-vault XP
 B = Vault XP
 C = Vault XP percentage of total XP
 D = Non-vault monster count
 E = Vault monster count
 F = Vault count percentage of total count
                 A         B        C        D         E       F
            +---------+---------+-------+---------+---------+-------
      Total |      72 |       0 |   0.0 |      28 |       0 |   0.0
            +---------+---------+-------+---------+---------+-------
        D:1 |      21 |       0 |   0.0 |       8 |       0 |   0.0
        D:2 |      33 |       0 |   0.0 |      15 |       0 |   0.0
        D:3 |      18 |       0 |   0.0 |       5 |       0 |   0.0
            +---------+---------+-------+---------+---------+-------
